Map: Golden Wall LE

Players

Messi - Winner!

  • Race: Terran Terran
  • League: Master
  • Spawn Location: 5:00

FeEbLeNFraiL

  • Race: Protoss Protoss
  • League: Master
  • Spawn Location: 7:00

VOD

Have the link to the VOD?

Description

Time

  • Played on: Aug. 14, 2020, 12:20 p.m.
  • Length: 11:16
Show
View Real Time Build Order
Export as new Build Order

Messi Terran - Winner!

Build Orders: Reaper Expand 

Get SALT Encoding   

  12  0:00  SCV  
  13  0:12  SCV  
  14  0:17  Supply Depot  
  14  0:24  SCV  
  15  0:39  SCV  
  15  0:40  Barracks  
  16  0:47  Refinery  
  16  0:51  SCV  
  17  1:03  SCV  
  18  1:15  SCV  
  19  1:28  Orbital Command  
  19  1:30  Reaper  
  20  1:40  Command Center  
  20  1:48  Supply Depot  
  20  1:53  SCV  
  21  2:04  Refinery  
  21  2:05  SCV  
  21  2:06  Barracks Reactor  
  22  2:18  SCV  
  23  2:30  SCV  
  23  2:34  Factory  
  24  2:42  SCV  
  25  2:49  Supply Depot  
  25  2:53  Orbital Command  
  25  2:54  SCV  
  26  3:10  SCV  
  28  3:20  SCV  
  28  3:22  SCV  
  29  3:28  Starport  
  29  3:32  SCV  
  29  3:33  Hellion x2  
  33  3:35  SCV  
  33  3:39  Supply Depot  
  34  3:42  Barracks Tech Lab  
  34  3:43  Supply Depot  
  34  3:44  SCV  
  34  3:47  SCV  
  36  3:55  Hellion x2  
  40  3:56  SCV  
  40  3:59  SCV  
  42  4:07  Medivac  
  43  4:19  Stimpack, Marine  
  43  4:21  SCV x2  
  46  4:25  Engineering Bay  
  46  4:27  Barracks  
  46  4:28  Barracks  
  46  4:31  Barracks  
  46  4:33  SCV x2  
  46  4:37  Marine  
  49  4:45  SCV x2  
  51  4:46  Factory Tech Lab  
  49  4:55  Marauder, Medivac, Refinery  
  49  4:56  Medivac  
  49  4:57  SCV x2  
  57  5:03  Command Center  
  57  5:04  Terran Infantry Weapons Level 1  
  57  5:09  SCV x2  
  59  5:17  Supply Depot  
  59  5:21  SCV x2  
  59  5:22  Barracks Tech Lab  
  59  5:23  Barracks Reactor, Barracks Tech Lab  
  61  5:30  Siege Tank  
  61  5:32  Medivac  
  61  5:33  SCV x2  
  68  5:36  Refinery  
  68  5:45  SCV x2  
  64  6:05  Combat Shield, Concussive Shells  
  64  6:07  Marine x2, Marauder x3  
  72  6:12  SCV x2  
  72  6:16  Supply Depot  
  74  6:25  Marine x2  
  75  6:28  Marauder x2  
  75  6:29  Marauder  
  75  6:30  Siege Tank  
  75  6:31  Barracks  
  75  6:32  Barracks  
  85  6:36  Supply Depot  
  85  6:43  Marine x2  
  87  6:49  Marauder  
  87  6:50  Orbital Command  
  89  6:54  SCV x2  
  89  6:58  Marauder x2  
  89  6:59  Medivac x2  
  89  7:01  Marine x2  
  101  7:06  SCV  
  102  7:11  Siege Tank, Marauder  
  107  7:16  Supply Depot  
  107  7:18  Supply Depot  
  107  7:19  SCV, Supply Depot  
  107  7:21  SCV  
  109  7:29  SCV  
  109  7:30  Marine  
  109  7:32  SCV  
  109  7:33  Marine  
  108  7:37  Marauder x2, Medivac  
  108  7:41  SCV  
  113  7:51  Marine x2, Marauder  
  116  7:58  SCV  
  116  7:59  Marauder  
  116  8:00  Marine, Refinery  
  116  8:02  Barracks Reactor  
  116  8:03  Barracks Reactor  
  116  8:04  SCV x2  
  121  8:09  Marine x2  
  121  8:10  Terran Infantry Armor Level 1  
  121  8:11  Armory  
  125  8:12  Marauder  
  125  8:14  Engineering Bay  
  125  8:16  Supply Depot  
  125  8:17  Command Center, Marine, Supply Depot  
  126  8:20  Marauder  
  126  8:26  Marine  
  119  8:34  Marauder  
  119  8:35  Marine x2  
  109  8:42  Marauder  
  109  8:44  Marine  
  109  8:46  Marine x3  
  115  8:54  Marine  
  115  8:55  Marine x2, Marauder  
  120  8:57  Terran Infantry Weapons Level 2  
  120  9:03  Marauder  
  120  9:04  Marine  
  120  9:05  Marine x2  
  120  9:09  Medivac x2  
  129  9:17  Marauder  
  131  9:18  Marine x3  
  131  9:21  Barracks Tech Lab  
  131  9:22  Marine  
  131  9:24  Marauder  
  126  9:36  Marine x3  
  126  9:37  Marine x2  
  126  9:38  Marauder  
  133  9:40  Marine, Siege Tank, Supply Depot x2  
  133  9:42  Marauder  
  139  9:46  Viking x2, Marauder  
  145  9:53  Marine  
  145  9:54  Marine x3  
  145  9:55  Marine  
  145  9:59  Marauder  
  143  10:03  Marauder  
  139  10:07  Marauder  
  135  10:17  Marine x4  
  135  10:18  Marine x2  
  135  10:21  Marauder  
  143  10:25  Marauder  
  143  10:29  Marauder  
  143  10:30  Medivac x2  
  143  10:35  Marine x4, Orbital Command  
  149  10:36  Marine x2  
  149  10:39  Refinery  
  149  10:40  Supply Depot  
  149  10:42  Marauder  
  154  10:46  Marauder  
  156  10:50  Marauder  
  156  10:53  Marine x3  
Show
View Real Time Build Order
Export as new Build Order

FeEbLeNFraiL Protoss 

Build Orders: 1 Gate Expand, Blink Stalkers 

Get SALT Encoding   

  12  0:01  Probe  
  13  0:13  Probe  
  14  0:18  Pylon  
  14  0:28  Probe (Chrono Boost)  
  15  0:39  Probe (Chrono Boost)  
  15  0:40  Gateway  
  16  0:44  Probe (Chrono Boost)  
  16  0:48  Assimilator  
  17  0:55  Probe  
  18  1:07  Probe  
  19  1:19  Probe  
  20  1:27  Nexus  
  20  1:42  Cybernetics Core  
  20  1:43  Zealot (Chrono Boost)  
  22  1:49  Pylon  
  22  1:55  Assimilator  
  22  1:59  Probe  
  23  2:11  Probe  
  24  2:17  Adept (Chrono Boost)  
  24  2:21  Warp Gate  
  26  2:24  Probe  
  26  2:29  Twilight Council  
  27  2:38  Probe, Pylon  
  28  2:48  Sentry (Chrono Boost)  
  28  2:51  Probe  
  29  3:08  Blink (Chrono Boost)  
  29  3:20  Probe x2  
  30  3:33  Gateway  
  30  3:34  Gateway  
  30  3:42  Robotics Facility  
  30  3:45  Shield Battery  
  30  3:48  Probe x2  
  32  4:00  Probe (Chrono Boost)  
  34  4:04  Probe (Chrono Boost)  
  32  4:19  Probe  
  33  4:30  Stalker x3  
  39  4:31  Probe x2  
  39  4:37  Pylon  
  41  4:38  Shield Battery  
  41  4:56  Probe x2, Pylon  
  41  4:57  Shield Battery, Stalker  
  41  4:58  Stalker x2  
  49  5:02  Charge (Chrono Boost)  
  49  5:13  Observer  
  50  5:25  Probe x2  
  52  5:38  Zealot x3  
  58  5:46  Nexus  
  58  5:48  Pylon  
  53  6:07  Assimilator  
  53  6:11  Assimilator  
  53  6:12  Warp Prism (Chrono Boost)  
  53  6:15  Probe x2  
  53  6:16  Robotics Bay  
  57  6:22  Gateway  
  57  6:23  Pylon  
  57  6:27  Probe x2  
  59  6:38  Zealot x3  
  59  6:39  Probe  
  66  6:55  Probe x2  
  68  7:02  Zealot x2, Extended Thermal Lance (Chrono Boost)  
  68  7:03  Zealot  
  74  7:16  Zealot  
  76  7:25  Zealot x3  
  78  7:55  Zealot x4  
  84  8:00  Colossus  
  90  8:07  Assimilator  
  90  8:10  Zealot  
  90  8:11  Assimilator  
  92  8:14  Gateway  
  92  8:21  Pylon  
  90  8:29  Zealot x2  
  90  8:30  Zealot x2  
  60  8:47  Zealot  
  52  8:51  Zealot x3  
  52  8:53  Colossus  
  62  9:05  Gateway x2  
  62  9:06  Zealot  
  64  9:11  Zealot x3  
  70  9:18  Stalker  
  70  9:20  Gateway  
  72  9:27  Zealot  
  68  9:39  Zealot  
  68  9:40  Zealot x3  
  76  9:46  Pylon  
  76  9:50  Zealot  
  78  9:57  Colossus (Chrono Boost)  
  78  9:59  Zealot  
  78  10:00  Zealot x2  
  78  10:01  Zealot  
  78  10:02  Zealot  
  72  10:11  Zealot x2  
  68  10:17  Zealot  
  68  10:20  Zealot  
  68  10:21  Zealot x2  
  64  10:26  Zealot  
  64  10:27  Zealot  
  68  10:33  Sentry  
  68  10:34  Sentry  
  66  10:38  Probe  
  66  10:39  Zealot  
  66  10:42  Zealot  
  71  10:49  Probe  
  72  10:50  Probe  
  72  10:57  Stalker x2  
  75  11:03  Zealot  
  79  11:09  Zealot  
Tags
 
Add a new tag
Caveats
  • Supply blocks, unpowered buildings, or Contaminate may cause inaccurate times.
  • Supply counts are checked every 10 seconds.